 Dungeon Crawl Stone Soup version 0.30-a0-937-ga0a21ad780 (webtiles) character file.

Game seed: 17599496965413836569

304158 iguanaiguana the Black Sun (level 19, -15/187 HPs)
             Began as an Armataur Ice Elementalist on Mar 16, 2023.
             Was a High Priest of Kikubaaqudgha.
             Killed from afar by a living spell (33 damage)
             ... with a crystal spear
             ... summoned by a walking crystal tome
             ... on level 4 of the Depths on Mar 24, 2023.
             The game lasted 04:41:51 (18603 turns).

iguanaiguana the Black Sun (AtIE)                  Turns: 18603, Time: 04:41:51

Health: -15/187    AC: 12    Str: 17    XL:     19   Next: 85%
Magic:  21/35      EV: 10    Int: 39    God:    Kikubaaqudgha [*****.]
Gold:   2046       SH: 13    Dex: 13    Spells: 6/42 levels left

rFire   . . .      SeeInvis .    H - staff of air
rCold   + + .      Faith    .    C - +1 kite shield {rC+}
rNeg    + + .      Spirit   .    s - +1 troll leather armour
rPois   .          Reflect  .    r - +1 hat "Vaikkonk" {Int+5 Dex-2 Stlth+}
rElec   +          Roll     +    e - +0 cloak
rCorr   .                        D - +2 pair of gloves
Will    +....                    (no barding)
Stlth   +++                      t - amulet of regeneration
HPRegen 2.11/turn                z - ring of Rooxaag {Fly rC+ Int+6}
MPRegen 0.24/turn                W - ring of Fun {rN++ Str+3 Int+6 Dex+3}

@: death channelling, animating dead, flying
A: large, rugged brown scales 3, deformed body, armoured tail, roll, long
tongue, awkward tongue, robust 1
}: 3/15 runes: barnacled, slimy, gossamer
a: Renounce Religion, Unearth Wretches, Torment


You were on level 4 of the Depths.
You worshipped Kikubaaqudgha.
Kikubaaqudgha was extremely pleased with you.
You visited 9 branches of the dungeon, and saw 43 of its levels.
You also visited: Sewer, Ice Cave and Volcano.

You collected 4389 gold pieces.
You spent 2343 gold pieces at shops.

Inventory:

Hand Weapons
 b - a +5 dagger of pain
 X - a +5 scimitar of distortion
Missiles
 y - 4 throwing nets
 O - 8 curare-tipped darts
 Q - 6 boomerangs of dispersal
 S - a silver javelin
Armour
 e - a +0 cloak (worn)
 r - the +1 hat "Vaikkonk" (worn) {Int+5 Dex-2 Stlth+}
   (You found it on level 1 of the Spider Nest)

   Int:       It affects your intelligence (+5).
   Dex:       It affects your dexterity (-2).
   Stlth:     It makes you more stealthy.
 s - a +1 troll leather armour (worn)
 C - a +1 kite shield of cold resistance (worn)
 D - a +2 pair of gloves (worn)
 R - a +2 tower shield of cold resistance
Magical Staves
 a - a staff of death
 g - a staff of fire
 i - a staff of earth
 H - a staff of air (weapon)
Jewellery
 n - the ring of Beauty {rPois rC- rCorr AC+4}
   (You found it on level 3 of the Elven Halls)

   [ring of protection]

   AC:        It affects your AC (+4).
   rC:        It makes you vulnerable to cold.
   rPois:     It protects you from poison.
   rCorr:     It protects you from acid and corrosion.
 p - a ring of see invisible
 t - an amulet of regeneration (around neck)
 z - the ring of Rooxaag (left hand) {Fly rC+ Int+6}
   (You found it on level 5 of the Pits of Slime)

   [ring of intelligence]

   Int:       It affects your intelligence (+6).
   rC:        It protects you from cold.
   Fly:       It grants you flight.
 B - a ring of ice
 E - a ring of willpower
 W - the ring of Fun (right hand) {rN++ Str+3 Int+6 Dex+3}
   (You took it off a deep elf annihilator on level 3 of the Elven Halls)

   [ring of intelligence]

   Str:       It affects your strength (+3).
   Int:       It affects your intelligence (+6).
   Dex:       It affects your dexterity (+3).
   rN:        It greatly protects you from negative energy.
Wands
 m - a wand of light (16)
 A - a wand of paralysis (33)
 F - a wand of digging (12) {@v3}
 U - a wand of roots (6)
Scrolls
 c - 3 scrolls of amnesia
 h - 4 scrolls of blinking {@r4}
 j - 7 scrolls of teleportation {@r3}
 k - 2 scrolls of fog
 l - 3 scrolls of vulnerability
 o - 8 scrolls of immolation
 v - 5 scrolls of magic mapping {@r5}
 x - 5 scrolls of fear
 J - 3 scrolls of poison
Potions
 d - 5 potions of resistance {@q5}
 f - 2 potions of magic
 w - 16 potions of mutation
 G - 5 potions of cancellation
 K - 5 potions of lignification
 M - 5 potions of brilliance
 N - 3 potions of heal wounds {@q2}
 T - 6 potions of invisibility
 V - 6 potions of ambrosia
 Y - 6 potions of curing {@q1}
 Z - a potion of haste {@q4}
Miscellaneous
 q - a tin of tremorstones (2/2)
 u - a condenser vane (inert)
 I - a phantom mirror
 L - a box of beasts
 P - a lightning rod (4/4)


   Skills:
 - Level 12.0 Fighting
 - Level 4.0 Short Blades
 - Level 4.5 Armour
 - Level 6.0 Dodging
 - Level 2.1 Stealth
 - Level 11.4 Shields
 - Level 12.2 Spellcasting
 - Level 4.0 Hexes
 - Level 16.2 Necromancy
 - Level 1.2 Transmutations
 + Level 14.3 Fire Magic
 - Level 10.0 Ice Magic
 - Level 8.0 Earth Magic
 - Level 8.0 Evocations


You had 6 spell levels left.
You knew the following spells:

 Your Spells              Type           Power      Damage    Failure   Level
a - Anguish               Hex/Necr       40%        N/A       1%          4
b - Simulacrum            Ice/Necr       45%        N/A       2%          6
c - Ozocubu's Armour      Ice            80%        N/A       1%          3
d - Animate Dead          Necr           100%       N/A       1%          4
e - Death Channel         Necr           50%        N/A       1%          6
f - Borgnjor's Vile Clut  Necr/Erth      43%        N/A       1%          5
g - Frozen Ramparts       Ice            100%       1d16      1%          3
h - Passwall              Tmut/Erth      46%        N/A       1%          2
x - Apportation           Tloc           46%        N/A       3%          1
z - Sublimation of Blood  Necr           100%       N/A       0%          2

Your spell library contained the following spells:

 Spells                   Type           Power      Damage    Failure   Level
 Necrotise                Necr           100%       1d9       0%          1
 Beastly Appendage        Tmut           66%        N/A       1%          1
 Freeze                   Ice            100%       1d10      1%          1
 Kiss of Death            Conj/Necr      100%       2d13      1%          1
 Sandblast                Erth           100%       2d20      1%          1
 Cigotuvi's Dreadful Rot  Necr/Pois/Air  100%       N/A       1%          2
 Hailstorm                Conj/Ice       58%        3d13      1%          3
 Ignite Poison            Fire/Tmut/Pois 59%        N/A       1%          3
 Stone Arrow              Conj/Erth      100%       3d13      1%          3
 Dispel Undead            Necr           100%       3d31      1%          4
 Sticky Flame             Conj/Fire      68%        2d8       1%          4
 Magic Dart               Conj           92%        1d7       3%          1
 Summon Small Mammal      Summ           92%        N/A       3%          1
 Ice Form                 Ice/Tmut       61%        N/A       3%          4
 Blink                    Tloc           46%        N/A       4%          2
 Call Imp                 Summ           23%        N/A       4%          2
 Lesser Beckoning         Tloc           46%        N/A       4%          2
 Momentum Strike          Conj/Tloc      46%        3d9       4%          2
 Petrify                  Tmut/Erth      56%        N/A       4%          4
 Summon Ice Beast         Ice/Summ       58%        N/A       4%          4
 Metabolic Englaciation   Hex/Ice        34%        N/A       4%          5
 Plasma Beam              Fire/Air       44%        2x1d63    4%          5
 Animate Armour           Summ/Erth      100%       N/A       6%          4
 Gell's Gravitas          Tloc           23%        N/A       10%         3
 Mephitic Cloud           Conj/Pois/Air  35%        N/A       10%         3
 Teleport Other           Tloc           23%        N/A       10%         3
 Vhi's Electric Charge    Tloc/Air       70%        N/A       10%         3
 Airstrike                Air            17%        2d(3-19)  32%         4
 Manifold Assault         Tloc           23%        N/A       32%         4
 Summon Lightning Spire   Summ/Air       35%        N/A       32%         4
 Blade Hands              Tmut           16%        N/A       47%         5
 Irradiate                Conj/Tmut      14%        3d16      56%         5
 Statue Form              Tmut/Erth      37%        N/A       58%         6
 Arcjolt                  Conj/Air       17%        1d27      65%         5
 Iron Shot                Conj/Erth      26%        9d6       67%         6
 Dispersal                Tloc           11%        N/A       99%         6
 Borgnjor's Revivificati  Necr           50%        N/A       26%         8
 Infestation              Necr           50%        N/A       26%         8
 Ignition                 Fire           47%        3d13      52%         8
 Haunt                    Necr/Summ      36%        N/A       67%         7
 Necromutation            Tmut/Necr      37%        N/A       99%         8
 Death's Door             Necr           50%        N/A       99%         9
 Dragon Form              Tmut           16%        N/A       100%        7
 Malign Gateway           Summ/Tloc      11%        N/A       100%        7
 Disjunction              Tloc           11%        N/A       100%        8
 Maxwell's Capacitive Co  Air            17%        ∞         100%        8
 Summon Horrible Things   Summ           11%        N/A       100%        8
 Chain Lightning          Conj/Air       17%        3d23      100%        9
 Fire Storm               Conj/Fire      34%        8d9       100%        9
 Shatter                  Erth           36%        3d29*     100%        9


Dungeon Overview and Level Annotations

Branches:
Dungeon (15/15) Zot: 26389  Temple (1/1) D:4 Zot: 5950    Lair (5/5) D:10 Zot: 25493
 Shoals (4/4) Lair:2 Zot: 22514  Spider (4/4) Lair:3 Zot: 22437   Slime (5/5) Lair:5 Zot: 26673
    Orc (2/2) D:10 Zot: 10435     Elf (3/3) Orc:2 Zot: 17089  Vaults (0/5) D:14
 Depths (4/4) D:15 Zot: 23685   Sewer (visited)           IceCv (visited)
Volcano (visited)
    Zot: Depths:4

Altars:
Ashenzari
Cheibriados
Dithmenos
Elyvilon
Fedhas
Gozag
Hepliaklqana
Kikubaaqudgha
Makhleb
Nemelex Xobeh
Okawaru
Qazlal
Ru
Sif Muna
Trog
Uskayaw
Vehumet
Wu Jian
Xom
Yredelemnul
Zin
The Shining One
Lugonu

Shops:
D:4 !   Orc:2 (::!

Portals:
Abyss: Shoals:1

Annotations:
D:6 3 runed translucent doors, exclusion: ice beast, AverageBear's ghost, novice OpFi; Dil's ghost, novice HOFi; Newt's ghost, novice DsGl; Newt's ghost, novice KoHu; WimpyRanger's ghost, novice FoFi
D:8 Gastronok
Shoals:1 1 exclusion
Elf:3 Roxanne
Depths:3 1 runed translucent door


Innate Abilities, Weirdness & Mutations

You are completely covered in rugged brown scales. (AC +3, +7% HP)
Armour fits poorly on your strangely shaped body.
You have a long armoured tail.
You roll when moving toward enemies. (Rampage)
Your long tongue fully drains potion bottles. (2x potion effects)
Your tongue gives you trouble enunciating. (1.5x scroll delay)
You are robust. (+10% HP)


Message History

The walking crystal tome is held in place!
The walking crystal tome erupts in a flurry of living spells!
Your spectral deep troll earth mage bites the iron troll!
Your fire dragon zombie bites the walking crystal tome.
Your fire dragon zombie claws the walking crystal tome!
The living spell enters a dispersal trap!
The living spell blinks! x2
The walking crystal tome struggles to blink free from constriction.
Your storm dragon zombie blinks!
Your spriggan berserker zombie blinks!
Your stone giant simulacrum blinks!
The ice dragon blinks!
Your fire dragon zombie blinks!
Your fire giant simulacrum blinks!
Your spectral fire dragon blinks!
Your spectral stone giant blinks!
Your spectral storm dragon blinks!
Your spectral deep troll earth mage blinks!
You blink. 2 spriggan berserkers, a cyan very ugly thing and a stone giant come into view.
Found a potion of flight.
The living spell blinks!
You feel a bit more experienced.
Okay, then.
Search for what [Enter for "."]? disp Unknown command.
Unknown command.
You roll towards the walking crystal tome!
You hit the walking crystal tome but do no damage.
The walking crystal tome is moderately damaged.
You kill the iron troll!
A glowing mist starts to gather...
The spriggan berserker utters an invocation to Trog.
The living spell casts itself at you. The crystal spear hits you!!!
* * * LOW HITPOINT WARNING * * *
The stone giant throws a large rock.
The large rock hits you!
* * * LOW HITPOINT WARNING * * *
The walking crystal tome erupts in a flurry of living spells!
A spriggan air mage comes into view.
The living spell casts itself at you. The crystal spear hits you!!
You die...
Kikubaaqudgha rasps: "You have failed me!
Welcome... death!"

§....! .......
...i.. .i.....
.......##.iC....
................
.§≈§≈..§.u..u..Z.
.§§≈§≈...§........
.<≈§≈≈§D..........
..≈§Z**..C........
..§§§.@...Z....#
....Z*;§§Z§.....#.
......ZZ.ZZ.......
........ZZ.Z.Z....
......§§#.ZZZ§....
≈.§.§...#§ZZ§ZZ§..
§≈......#.ZZZ#§§..
≈≈≈Z....Z§..ZZ....
≈≈....§*...T.Z...


You could see a frost giant, a walking crystal tome (clutched, ally target), a
cyan very ugly thing, an ice dragon, a stone giant, a green ugly thing, 2
spriggan berserkers, a spriggan air mage (repels missiles), 3 living crystal
spells, a friendly spectral fire dragon, a friendly spectral storm dragon, a
friendly spectral spriggan berserker, a friendly spectral spriggan air mage, a
friendly spectral iron troll, 2 friendly spectral deep trolls, a friendly
spectral ettin, a friendly spectral stone giant, a friendly spectral fire giant,
a friendly spectral deep troll earth mage, 2 friendly ettin simulacra, 2
friendly stone giant simulacra, 2 friendly fire giant simulacra, a friendly fire
dragon zombie, a friendly storm dragon zombie, a friendly spriggan berserker
zombie, a friendly spriggan air mage zombie, a friendly deep troll zombie, a
friendly frost giant zombie and 2 friendly deep troll earth mage zombies.

Vanquished Creatures
  3 tentacled monstrosities (Depths:3)
  A deep elf blademaster (Elf:3)
  A deep elf master archer (Elf:3)
  3 acid blobs
  2 azure jellies
  2 frost giants (IceCv)
  A deep elf sorcerer (Elf:3)
  An emperor scorpion (Spider:2)
  Louise (Elf:3)
  A deep elf elementalist (Elf:3)
  A broodmother (Spider:3)
  A stone giant (Volcano)
  A deep elf demonologist (Elf:3)
  2 deep elf annihilators (Elf:3)
  Azrael (D:14)
  A dire elephant (D:15)
  4 spark wasps
  A deep elf high priest (Elf:3)
  3 merfolk impalers (Shoals:4)
  3 deep elf death magi
  An entropy weaver (Spider:4)
  A merfolk javelineer (Shoals:4)
  5 ice dragons
  4 hydras
  A vault guard (D:14)
  A rakshasa (Depths:1)
  A catoblepas (D:13)
  Erica (D:8)
  2 merfolk avatars (Shoals:3)
  A satyr (Shoals:4)
  A spriggan air mage (Depths:1)
  A merfolk aquamancer (Shoals:1)
  4 boulder beetles
  5 dancing weapons
  7 two-headed ogres
  An alligator snapping turtle (Shoals:4)
  2 centaur warriors
  A radroach (Spider:4)
  A death knight (D:15)
  5 ironbound frosthearts (IceCv)
  2 death yaks (Lair:5)
  2 tengu warriors (D:15)
  Nergalle (Orc:1)
  3 deep elf knights
  Amaemon (D:8)
  An iron troll (Depths:4)
  A pharaoh ant (Spider:2)
  6 sea snakes
  An orb spider (Spider:4)
  A glowing orange brain (Depths:1)
  An obsidian statue (Volcano)
  A swamp dragon (Lair:2)
  A wizard (D:14)
  An orange crystal statue (IceCv)
  3 deep elf pyromancers
  2 deep elf archers
  4 harpies
  11 orc sorcerers
  2 shining eyes
  5 deep elf zephyrmancers
  3 cyclopes
  2 wolf spiders
  A worldbinder (Shoals:1)
  2 salamanders
  5 elephants
  5 manticores
  7 ugly things
  2 merfolk sirens
  An apocalypse crab (Shoals:1)
  A black mamba (Lair:1)
  3 water nymphs
  A torpor snail (Spider:4)
  8 cane toads
  3 kobold demonologists
  3 gargoyles
  8 rime drakes
  An efreet (Volcano)
  A tengu conjurer (D:14)
  A queen bee (Lair:2)
  5 komodo dragons
  5 trolls
  4 merfolk
  4 meliai
  6 polar bears
  Prince Ribbit (D:9)
  2 tarantellas (Spider:1)
  3 blink frogs
  A wind drake (Shoals:4)
  A dream sheep (Lair:4)
  2 snapping turtles (Shoals:4)
  A merfolk zombie (Shoals:1)
  Sigmund (D:3)
  6 slime creatures
  An air elemental (Elf:2)
  3 jumping spiders
  A shadow (D:9)
  A wyvern (D:7)
  A centaur simulacrum (D:15)
  3 humans (D:14)
  4 fire bats (Volcano)
  4 fire elementals
  3 water elementals
  11 yaks
  2 steam dragons
  A chaos spawn (Shoals:1)
  2 hogs (Spider:3)
  4 redbacks
  5 vampire mosquitoes
  6 wargs (Orc:2)
  2 acid dragons
  A hell hound (D:14)
  7 water moccasins
  2 ice beasts
  12 orc warriors
  3 black bears
  2 sky beasts
  5 ogres
  7 wolves
  5 centaurs
  2 phantoms
  The ghost of bobarctor the Grave Robber, an amateur DsNe (D:3)
  10 bullfrogs
  5 kobold brigands
  2 earth elementals
  A scorpion (D:4)
  5 wights
  A hornet simulacrum (D:14)
  18 killer bees
  3 electric eels
  6 howler monkeys
  A lava snake (Volcano)
  A jelly (D:7)
  A gnoll bouda (D:10)
  8 orc priests
  A sleepcap (D:5)
  An iguana (D:6)
  29 orc wizards
  9 adders
  12 gnolls
  A river rat (Lair:3)
  A shadow imp (D:8)
  An ufetubus (D:6)
  4 worms (D:4)
  3 dart slugs
  46 orcs
  16 endoplasms
  18 giant cockroaches
  13 goblins
  8 hobgoblins
  3 jackals (D:4)
  28 kobolds
  11 quokkas
  23 ball pythons
  5 bats
  7 frilled lizards
  6 rats
639 creatures vanquished.

Vanquished Creatures (collateral kills)
  Dissolution (Slime:4)
  the Royal Jelly (Slime:5)
  Mlioglotl (Spider:4)
  A walking divine tome (Depths:3)
  A titan (Depths:3)
  A deep elf blademaster (Elf:3)
  14 acid blobs
  A sphinx (Depths:3)
  A tengu reaver (Depths:3)
  Kirke (Spider:3)
  The ghost of domi the Devastator, an adept DsHW of Gozag (Shoals:4)
  11 rockslimes
  A frost giant (Depths:4)
  4 emperor scorpions
  3 deep elf sorcerers (Elf:3)
  A storm dragon (Depths:4)
  9 azure jellies
  4 ghost moths
  The ghost of relicbr the Unseen, an adept SpDe of Dithmenos (Spider:1)
  A fire giant (shapeshifter) (D:10)
  A deep elf elementalist (Elf:3)
  A cacodemon (Spider:1)
  9 quicksilver oozes
  A deep elf demonologist (Elf:3)
  9 deep elf annihilators
  A spark wasp (Spider:4)
  2 deep elf death magi (Elf:3)
  3 merfolk javelineers
  The ghost of Zinwir the Markskobold, a journeyman KoHu of Hepliaklqana (Lair:4)
  A fire dragon (D:15)
  6 merfolk impalers
  2 deep elf high priests (Elf:3)
  2 great orbs of eyes (Slime:5)
  3 entropy weavers
  3 hydras
  An ogre mage (Orc:2)
  2 ice dragons (IceCv)
  A merfolk avatar (Shoals:3)
  2 merfolk aquamancers (Shoals:3)
  2 radroaches
  2 ironbound frosthearts (IceCv)
  2 satyrs
  A catoblepas (Lair:5)
  An alligator snapping turtle (Shoals:4)
  4 death yaks
  A deep troll earth mage (Depths:4)
  4 two-headed ogres
  A tengu warrior (D:15)
  A spriggan berserker (Depths:4)
  A deep elf knight (Elf:3)
  A wretched star (Shoals:1)
  4 sun moths
  A skyshark (Lair:5)
  12 orb spiders
  6 pharaoh ants
  A swamp dragon (Lair:2)
  6 sea snakes
  2 deep trolls (Depths:4)
  3 wizards (D:14)
  A deep elf archer (Elf:1)
  A lindwurm (shapeshifter) (Elf:3)
  A death drake (shapeshifter) (Elf:3)
  7 steelbarb worms
  20 wolf spiders
  4 deep elf pyromancers
  12 harpies
  9 fauns
  8 ugly things
  2 shining eyes
  2 deep elf zephyrmancers (Elf:3)
  An orc sorcerer (Elf:3)
  A moth of wrath (Spider:4)
  9 elephants
  6 demonic crawlers
  2 merfolk sirens
  An eye of devastation (Slime:5)
  A black mamba (Lair:5)
  A torpor snail (Spider:3)
  An orange demon (D:8)
  4 water nymphs
  16 cane toads
  A sea snake zombie (Shoals:3)
  A kobold demonologist (D:9)
  A redback zombie (Spider:4)
  4 rime drakes
  3 komodo dragons (Lair:5)
  4 tengu conjurers
  A yaktaur (D:14)
  A troll (D:12)
  16 merfolk
  9 polar bears
  A hornet (D:9)
  14 tarantellas
  5 wind drakes
  2 snapping turtles
  8 meliai
  3 tyrant leeches (Lair:5)
  A merfolk zombie (Shoals:4)
  18 blink frogs
  49 slime creatures
  23 jumping spiders
  16 culicivoras
  A large abomination (Shoals:1)
  A fire elemental (D:14)
  A wraith (D:10)
  A wyvern (Lair:5)
  4 water elementals
  Grum (D:9)
  3 fire bats (Volcano)
  21 yaks
  14 humans (D:14)
  34 redbacks
  3 basilisks
  6 vampire mosquitoes
  8 water moccasins
  A hell hound (D:14)
  3 black bears
  2 ice beasts (IceCv)
  3 centaurs
  2 wolves
  A kobold brigand (D:9)
  2 rime drake zombies (IceCv)
  12 bullfrogs
  4 scorpions (Lair:3)
  A water moccasin zombie (Lair:5)
  3 wights (D:9)
  12 killer bees
  An electric eel (Lair:5)
  A howler monkey (D:14)
  5 lava snakes (Volcano)
  An orc priest (Orc:2)
  2 jellies (Lair:5)
  9 orc wizards
  12 orcs
  4 endoplasms (Lair:5)
  2 giant cockroaches (Lair:3)
  2 kobolds
  A plant (Shoals:1)
641 creatures vanquished.

Vanquished Creatures (others)
  8 acid blobs
  2 azure jellies
  A fire giant (Depths:4)
  3 rockslimes
  3 emperor scorpions
  2 rockslime zombies (Slime:5)
  A broodmother (Spider:4)
  A stone giant (Depths:4)
  3 quicksilver oozes
  A white draconian (IceCv)
  A spark wasp (Spider:1)
  An ettin (Depths:4)
  5 acid blob zombies
  A fire dragon (Depths:4)
  A merfolk impaler (Shoals:4)
  A deep elf high priest (Elf:3)
  A jorogumo (Spider:4)
  An ironbound frostheart (IceCv)
  A radroach (Spider:1)
  A spriggan air mage (Depths:4)
  An azure jelly zombie (Slime:3)
  A deep troll earth mage (Depths:4)
  A quicksilver ooze zombie (Slime:5)
  A sea snake (Shoals:1)
  A spark wasp zombie (Spider:1)
  An orb spider (Spider:1)
  A deep troll (Depths:4)
  A lindwurm (Volcano)
  A harpy (Shoals:2)
  A deep elf archer (Elf:3)
  A deep elf pyromancer (Elf:3)
  A jorogumo zombie (Spider:4)
  2 wolf spider zombies
  3 deep elf zephyrmancers
  2 wolf spiders
  6 ugly thing zombies
  A broodmother zombie (Spider:4)
  A salamander (Volcano)
  An elephant (Lair:5)
  An apocalypse crab (Shoals:1)
  A black mamba (Lair:2)
  A merfolk siren (Shoals:1)
  3 cane toads
  A white draconian zombie (IceCv)
  6 merfolk zombies
  2 komodo dragons
  A sea snake zombie (Shoals:1)
  2 steelbarb worm zombies
  4 rime drakes (IceCv)
  2 orb spider zombies
  10 redback zombies
  A merfolk (Shoals:4)
  4 harpy zombies
  A hydra zombie (Lair:5)
  A wind drake (Shoals:1)
  2 polar bears (IceCv)
  2 meliai (Spider:4)
  A boulder beetle zombie (D:9)
  4 culicivora zombies
  2 meliai zombies
  2 tarantellas (Spider:1)
  4 tarantella zombies
  5 blink frogs
  7 jumping spider zombies
  2 radroach zombies
  6 jumping spiders
  9 slime creatures
  3 culicivoras
  A wind drake zombie (Shoals:4)
  8 slime creature zombies
  A yak (Lair:2)
  7 redbacks
  2 vampire mosquitoes
  2 two-headed ogre zombies (D:10)
  2 fire bat zombies (Volcano)
  2 faun zombies (Shoals:3)
  An entropy weaver zombie (Spider:1)
  3 cane toad zombies
  A water moccasin (Lair:5)
  A dream sheep zombie (Lair:4)
  2 elephant zombies (Lair:5)
  A manticore zombie (D:10)
  A lindwurm zombie (Elf:3)
  7 blink frog zombies
  2 ice beasts (IceCv)
  5 elf zombies (Elf:3)
  A hog zombie (Spider:3)
  8 vampire mosquito zombies
  7 rime drake zombies (IceCv)
  A komodo dragon zombie (Lair:5)
  A bullfrog (Lair:2)
  A cyclops zombie (D:12)
  2 salamander zombies (Volcano)
  3 water moccasin zombies
  A troll zombie (D:12)
  A queen bee zombie (Lair:2)
  4 polar bear zombies
  10 yak zombies
  A centaur zombie (D:10)
  5 bullfrog zombies
  8 human zombies
  An orc wizard (Orc:2)
  16 killer bee zombies
  An ogre zombie (Orc:2)
  5 ice beast zombies (IceCv)
  2 howler monkey zombies (D:10)
  A steam dragon zombie (Lair:2)
  2 lava snake zombies (Volcano)
  29 orc zombies
  A worm (Lair:3)
  An orc (D:10)
  A giant cockroach (D:10)
  A giant cockroach zombie (D:10)
  2 gnoll zombies (D:10)
  4 kobold zombies (D:8)
  36 fungi
  164 plants
527 creatures vanquished.

Grand Total: 1807 creatures vanquished

Notes
Turn   | Place    | Note
-------+----------+-------------------------------------------
     0 | D:1      | iguanaiguana the Armataur Ice Elementalist began the quest
                  | for the Orb.
     0 | D:1      | Reached XP level 1. HP: 14/14 MP: 3/3
   128 | D:3      | Reached XP level 2. HP: 21/21 MP: 0/4
   154 | D:3      | Found a runed translucent door.
   154 | D:3      | Noticed bobarctor's ghost (amateur DsNe)
   154 | D:3      | Noticed a phantom
   295 | D:1      | Reached XP level 3. HP: 25/27 MP: 3/5
   299 | D:1      | Learned a level 3 spell: Frozen Ramparts
   666 | D:1      | You fall into a shaft and drop 1 floor!
   699 | D:2      | Reached skill level 5 in Ice Magic
   728 | D:4      | Noticed a black bear
   740 | D:4      | Reached XP level 4. HP: 35/35 MP: 2/7
   746 | D:4      | Killed a black bear
   747 | D:4      | Reached XP level 5. HP: 40/40 MP: 3/8
   751 | D:4      | Learned a level 3 spell: Ozocubu's Armour
   834 | D:4      | Found Rihil's Distillery.
   875 | D:4      | Found a hazy altar of Hepliaklqana.
   932 | D:4      | Found a staircase to the Ecumenical Temple.
   939 | Temple   | Entered the Ecumenical Temple
   975 | Temple   | Became a worshipper of Kikubaaqudgha
  1198 | D:4      | Found a glowing drain.
  1202 | Sewer    | Entered a sewer
  1215 | Sewer    | Reached XP level 6. HP: 45/48 MP: 9/9
  1275 | Sewer    | Reached * piety under Kikubaaqudgha
  1275 | Sewer    | Received a gift from Kikubaaqudgha
  1402 | Sewer    | Reached ** piety under Kikubaaqudgha
  1415 | Sewer    | Reached skill level 1 in Necromancy
  1533 | D:5      | Entered Level 5 of the Dungeon
  1550 | D:6      | Found a runed translucent gate.
  1550 | D:6      | Found a runed translucent gate.
  1550 | D:6      | Found a runed translucent gate.
  1550 | D:6      | Noticed AverageBear's ghost (novice OpFi)
  1550 | D:6      | Noticed Newt's ghost (novice KoHu)
  1550 | D:6      | Noticed Newt's ghost (novice DsGl)
  1556 | D:6      | Noticed Dil's ghost (novice HOFi)
  1572 | D:6      | Noticed WimpyRanger's ghost (novice FoFi)
  1615 | D:5      | Reached skill level 2 in Necromancy
  1615 | D:5      | Reached XP level 7. HP: 45/53 MP: 3/10
  1956 | D:3      | Noticed Sigmund
  1969 | D:3      | Killed Sigmund
  2037 | D:3      | Killed bobarctor's ghost
  2038 | D:3      | Reached skill level 3 in Necromancy
  2130 | D:2      | Found a faded altar of an unknown god.
  2327 | D:5      | Reached skill level 4 in Necromancy
  2370 | D:5      | Learned a level 4 spell: Animate Dead
  2588 | D:5      | Reached XP level 8. HP: 60/60 MP: 7/11
  2638 | D:6      | Reached *** piety under Kikubaaqudgha
  2638 | D:6      | Received a gift from Kikubaaqudgha
  2666 | D:6      | Identified the +0 ring mail of Impressiveness {Regen+}
  2777 | D:6      | Learned a level 2 spell: Sublimation of Blood
  2835 | D:6      | Reached skill level 5 in Necromancy
  3088 | D:7      | Reached skill level 6 in Necromancy
  3428 | D:7      | Reached skill level 7 in Necromancy
  3509 | D:8      | Noticed Erica
  3521 | D:8      | Reached XP level 9. HP: 66/66 MP: 3/13
  3532 | D:8      | Killed Erica
  3533 | D:8      | Reached skill level 8 in Necromancy
  3573 | D:8      | Noticed a two-headed ogre
  3589 | D:8      | Killed a two-headed ogre
  3590 | D:8      | Reached skill level 9 in Necromancy
  3672 | D:8      | Found a glowing silver altar of Zin.
  3673 | D:8      | Found a glowing golden altar of the Shining One.
  3673 | D:8      | Found a basalt altar of Yredelemnul.
  3750 | D:8      | Noticed Amaemon
  3770 | D:8      | Noticed an orange demon
  3774 | D:8      | Noticed Gastronok
  3777 | D:8      | Killed Amaemon
  3778 | D:8      | Reached skill level 10 in Necromancy
  3778 | D:8      | Reached XP level 10. HP: 64/73 MP: 4/15
  3795 | D:8      | Killed an orange demon
  3835 | D:8      | Reached **** piety under Kikubaaqudgha
  3925 | D:7      | Found a radiant altar of Vehumet.
  4035 | D:8      | Reached skill level 5 in Spellcasting
  4122 | D:9      | Reached skill level 1 in Earth Magic
  4149 | D:9      | Gained mutation: Your muscles are strong. (Str +4, Int/Dex
                  | -1) [potion of mutation]
  4149 | D:9      | Gained mutation: You are frail. (-10% HP) [potion of
                  | mutation]
  4149 | D:9      | Gained mutation: You expend magic power (3 MP) to
                  | strengthen your wands. [potion of mutation]
  4149 | D:9      | Gained mutation: You occasionally lose the ability to drink
                  | potions when taking damage. [potion of mutation]
  4149 | D:9      | Gained mutation: Your movements are slightly less
                  | encumbered by armour. (ER -2) [potion of mutation]
  4357 | D:10     | Entered Level 10 of the Dungeon
  4375 | D:10     | Noticed a two-headed ogre
  4389 | D:10     | Killed a two-headed ogre
  4396 | D:10     | Learned a level 5 spell: Borgnjor's Vile Clutch
  4402 | D:10     | Noticed a four-headed hydra
  4407 | D:10     | Killed a four-headed hydra
  4408 | D:10     | Reached skill level 5 in Earth Magic
  4453 | D:10     | Noticed a two-headed ogre
  4467 | D:10     | Killed a two-headed ogre
  4596 | D:10     | Noticed a two-headed ogre
  4604 | D:10     | Killed a two-headed ogre
  4605 | D:10     | Reached XP level 11. HP: 70/71 MP: 18/18
  4737 | D:10     | Noticed a two-headed ogre
  4753 | D:10     | Killed a two-headed ogre
  4769 | D:10     | Noticed a two-headed ogre
  4785 | D:10     | Killed a two-headed ogre
  4796 | D:10     | Noticed a four-headed hydra
  4903 | D:10     | Killed a four-headed hydra
  5107 | D:10     | Noticed a two-headed ogre
  5117 | D:10     | Killed a two-headed ogre
  5118 | D:10     | Reached skill level 11 in Necromancy
  5123 | D:10     | Found a snail-covered altar of Cheibriados.
  5125 | D:10     | Noticed a sphinx
  5130 | D:10     | a sphinx changed into an iron troll
  5130 | D:10     | Noticed an iron troll (shapeshifter)
  5180 | D:9      | Noticed a two-headed ogre
  5194 | D:9      | Noticed Prince Ribbit
  5221 | D:9      | Noticed a boulder beetle
  5251 | D:9      | Killed a boulder beetle
  5267 | D:9      | Noticed a two-headed ogre
  5276 | D:9      | Killed a two-headed ogre
  5284 | D:9      | Reached ***** piety under Kikubaaqudgha
  5293 | D:9      | Reached skill level 12 in Necromancy
  5295 | D:9      | Noticed a soul eater
  5396 | D:9      | Killed Prince Ribbit
  5422 | D:9      | Noticed a centaur warrior
  5436 | D:9      | Noticed a two-headed ogre
  5436 | D:9      | Killed a centaur warrior
  5482 | D:9      | Reached XP level 12. HP: 62/78 MP: 14/21
  5496 | D:9      | Noticed Grum
  5517 | D:9      | Killed Grum
  5635 | D:9      | Found an iron altar of Okawaru.
  5771 | D:9      | Found a broken altar of Ashenzari.
  5771 | D:9      | Found a sparkling altar of Nemelex Xobeh.
  5793 | D:9      | Killed a two-headed ogre
  5794 | D:9      | Reached skill level 1 in Fighting
  5865 | D:10     | Found a staircase to the Lair.
  5871 | D:10     | Noticed a two-headed ogre
  5881 | D:10     | Killed a two-headed ogre
  5898 | D:10     | Noticed a quicksilver dragon
  5901 | D:10     | a quicksilver dragon changed into a fire giant
  5901 | D:10     | Noticed a fire giant (shapeshifter)
  5913 | D:10     | Killed a fire giant
  5928 | D:10     | Lost mutation: You occasionally lose the ability to drink
                  | potions when taking damage. [potion of mutation]
  5928 | D:10     | Lost mutation: You expend magic power (3 MP) to strengthen
                  | your wands. [potion of mutation]
  5928 | D:10     | Lost mutation: Your movements are slightly less encumbered
                  | by armour. (ER -2) [potion of mutation]
  5928 | D:10     | Lost mutation: You are frail. (-10% HP) [potion of
                  | mutation]
  5928 | D:10     | Lost mutation: Your muscles are strong. (Str +4, Int/Dex
                  | -1) [potion of mutation]
  5928 | D:10     | Gained mutation: You have very sharp teeth. [potion of
                  | mutation]
  5928 | D:10     | Lost mutation: You have very sharp teeth. [potion of
                  | mutation]
  5928 | D:10     | Gained mutation: You are robust. (+10% HP) [potion of
                  | mutation]
  5994 | D:10     | Found a staircase to the Orcish Mines.
  6011 | Orc:1    | Entered Level 1 of the Orcish Mines
  6086 | Orc:1    | Reached skill level 5 in Fighting
  6188 | Orc:1    | Noticed Nergalle
  6197 | Orc:1    | Killed Nergalle
  6321 | Orc:2    | Entered Level 2 of the Orcish Mines
  6430 | Orc:2    | Found a staircase to the Elven Halls.
  6700 | Orc:2    | Reached ****** piety under Kikubaaqudgha
  6701 | Orc:2    | Received a gift from Kikubaaqudgha
  6826 | Orc:2    | Reached skill level 1 in Short Blades
  6842 | Orc:2    | Noticed an ogre mage
  6867 | Orc:2    | Killed an ogre mage
  6879 | Orc:2    | Reached XP level 13. HP: 113/119 MP: 5/23
  6977 | Orc:2    | Found an ancient bone altar of Kikubaaqudgha.
  6980 | Orc:2    | Found Ovueqiv's Book Shop.
  7000 | Orc:2    | Found a radiant altar of Vehumet.
  7009 | Orc:2    | Found Zyhas's Distillery.
  7018 | Orc:2    | Found Otsitor's Book Boutique.
  7063 | Orc:2    | Found Latomefe's Antique Weapon Boutique.
  7094 | Orc:2    | Bought a book of Unlife for 504 gold pieces
  7101 | Orc:2    | Learned a level 6 spell: Death Channel
  7101 | Orc:2    | Bought an Everburning Encyclopedia for 504 gold pieces
  7123 | Orc:2    | Bought a book of Geomancy for 270 gold pieces
  7126 | Orc:2    | Learned a level 2 spell: Passwall
  7414 | D:11     | Found a glowing golden altar of the Shining One.
  7737 | D:12     | You fall into a shaft and drop 2 floors!
  8026 | D:14     | Noticed Azrael
  8096 | D:14     | Killed Azrael
  8097 | D:14     | Reached skill level 13 in Necromancy
  8247 | D:14     | Found a gate to the Vaults.
  8366 | D:13     | Reached skill level 14 in Necromancy
  8876 | D:12     | Found an ornate altar of the Wu Jian Council.
  9002 | Lair:1   | Entered Level 1 of the Lair of Beasts
  9027 | Lair:1   | Learned a level 4 spell: Anguish
  9057 | Lair:1   | Reached skill level 1 in Hexes
  9138 | Lair:1   | Found a dark tunnel.
  9158 | Volcano  | Entered a volcano
  9267 | Volcano  | Reached XP level 14. HP: 128/128 MP: 26/26
  9355 | Volcano  | Noticed a stone giant
  9573 | Volcano  | HP: 5/128 [stone giant/large rock (34)]
  9578 | Volcano  | Killed a stone giant
  9695 | Volcano  | Found a burning altar of Makhleb.
  9977 | Lair:2   | Found a staircase to the Shoals.
 10081 | Lair:2   | Found a transporter.
 10124 | Lair:2   | Found a transporter.
 10163 | Lair:2   | Reached skill level 10 in Spellcasting
 10172 | Lair:2   | Identified the ring of Laze {MP+9 Int+3 Dex+3}
 10521 | Lair:3   | Found a hole to the Spider Nest.
 10670 | Lair:5   | Entered Level 5 of the Lair of Beasts
 10686 | Lair:5   | Reached skill level 10 in Ice Magic
 10693 | Lair:5   | Learned a level 6 spell: Simulacrum
 10838 | Lair:5   | Reached XP level 15. HP: 132/134 MP: 24/30
 10850 | Lair:5   | Reached skill level 15 in Necromancy
 10900 | Lair:5   | Found a staircase to the Slime Pits.
 11343 | Lair:5   | Found the +2 hat of the Bear Spirit {Spirit, Bear, *Rage
                  | Will++}
 11584 | Lair:4   | Reached skill level 16 in Necromancy
 11628 | Lair:4   | Found a runed translucent door.
 11629 | Lair:4   | Found a shimmering altar of Xom.
 11629 | Lair:4   | Noticed Zinwir's ghost (journeyman KoHu)
 11630 | Lair:4   | Identified the +2 scimitar "Ziweemny" {chaos, Int+3}
 11661 | Lair:4   | Killed Zinwir's ghost
 11759 | Spider:1 | Entered Level 1 of the Spider Nest
 11770 | Spider:1 | Reached skill level 1 in Armour
 11771 | Spider:1 | Reached skill level 1 in Shields
 11880 | Spider:1 | Reached skill level 5 in Shields
 12021 | Spider:1 | Noticed an emperor scorpion
 12037 | Spider:1 | Killed an emperor scorpion
 12044 | Spider:1 | Found a runed translucent gate.
 12045 | Spider:1 | Found a runed translucent gate.
 12046 | Spider:1 | Found a runed translucent gate.
 12047 | Spider:1 | Noticed relicbr's ghost (adept SpDe)
 12073 | Spider:1 | Killed relicbr's ghost
 12162 | Spider:1 | Reached XP level 16. HP: 128/148 MP: 10/31
 12177 | Spider:1 | Identified the +1 hat "Vaikkonk" {Int+5 Dex-2 Stlth+}
 12608 | Spider:2 | Found a frozen archway.
 12666 | IceCv    | Entered an ice cave
 12876 | IceCv    | Reached skill level 5 in Dodging
 13519 | Spider:3 | Noticed Kirke
 13527 | Spider:3 | Killed Kirke
 13528 | Spider:3 | Reached skill level 10 in Fighting
 13653 | Spider:4 | Entered Level 4 of the Spider Nest
 13663 | Spider:4 | Noticed Mlioglotl
 13668 | Spider:4 | Killed Mlioglotl
 13685 | Spider:4 | Reached XP level 17. HP: 136/168 MP: 7/32
 13982 | Spider:4 | Got a gossamer rune of Zot
 13983 | Spider:4 | Identified the +1 pair of boots of Untruth {Str+4 SInv}
 14160 | Lair:2   | Upgraded the game from 0.30-a0-883-g5ad918d77d to
                  | 0.30-a0-937-ga0a21ad780
 14161 | Shoals:1 | Entered Level 1 of the Shoals
 14268 | Shoals:1 | Found a runed translucent door.
 14279 | Shoals:1 | Reached skill level 5 in Evocations
 14282 | Shoals:1 | Found a corrupted altar of Lugonu.
 14282 | Shoals:1 | Found a one-way gate to the infinite horrors of the Abyss.
 14307 | Shoals:1 | Identified the amulet "Tyco" {Acrobat -Tele rPois rN++}
 14888 | Shoals:4 | Entered Level 4 of the Shoals
 14975 | Shoals:4 | Found a large runed translucent door.
 14975 | Shoals:4 | Found a large runed translucent door.
 14977 | Shoals:4 | Noticed domi's ghost (adept DsHW)
 14998 | Shoals:4 | Killed domi's ghost
 15055 | Shoals:4 | Got Cigotuvi's Vellum of Metamorphic Evil
 15116 | Shoals:4 | Reached XP level 18. HP: 135/180 MP: 27/34
 15238 | Shoals:4 | Reached skill level 10 in Shields
 15293 | Shoals:4 | Got a barnacled rune of Zot
 15758 | Slime:1  | Entered Level 1 of the Pits of Slime
 15797 | Slime:1  | Reached skill level 1 in Transmutations
 15799 | Slime:1  | Reached skill level 1 in Fire Magic
 15873 | Slime:3  | Reached skill level 5 in Fire Magic
 15894 | Slime:4  | Noticed Dissolution
 15905 | Slime:4  | Paralysed by a floating eye for 2 turns
 15907 | Slime:4  | Killed Dissolution
 15977 | Slime:5  | Entered Level 5 of the Pits of Slime
 16058 | Slime:5  | Noticed the Royal Jelly
 16079 | Slime:5  | Killed the Royal Jelly
 16114 | Slime:5  | Identified a scroll of acquirement
 16129 | Slime:5  | Got a slimy rune of Zot
 16130 | Slime:5  | Identified the staff of poison "Fekyrr" {rPois rC+ Str+3}
 16194 | Slime:5  | Acquired an amulet of regeneration
 16205 | Slime:5  | Identified the ring of Rooxaag {Fly rC+ Int+6}
 16508 | Elf:1    | Entered Level 1 of the Elven Halls
 16610 | Elf:1    | You are sucked into a shaft and drop 1 floor!
 16629 | Elf:2    | Reached XP level 19. HP: 140/187 MP: 27/35
 16653 | Elf:2    | Paralysed by an air elemental for 1 turns
 16657 | Elf:2    | Paralysed by an air elemental for 1 turns
 16669 | Elf:3    | Entered Level 3 of the Elven Halls
 16669 | Elf:3    | Noticed Louise
 16679 | Elf:3    | Killed Louise
 16682 | Elf:3    | Identified Roxanne's Folio of the Plateau
 16682 | Elf:3    | Noticed Roxanne
 16710 | Elf:3    | Reached skill level 10 in Fire Magic
 16866 | Elf:3    | Identified the ring of Fun {rN++ Str+3 Int+6 Dex+3}
 16896 | Elf:3    | Identified the ring of Beauty {rPois rC- rCorr AC+4}
 16896 | Elf:3    | Identified the +6 falchion "Dragonbane" {chaos, Fly rF+
                  | Str+3}
 16989 | Elf:3    | Identified the +9 spear of Superiority {speed, Drain rPois
                  | rN+}
 17142 | Elf:3    | Got Kaxaotz's Exposition on Grim Geology
 17465 | Orc:2    | Bought 2 potions of mutation for 240 gold pieces
 17465 | Orc:2    | Bought a potion of mutation for 120 gold pieces
 17465 | Orc:2    | Bought a potion of mutation for 120 gold pieces
 17465 | Orc:2    | Bought 2 potions of resistance for 300 gold pieces
 17465 | Orc:2    | Bought a potion of curing for 45 gold pieces
 17465 | Orc:2    | Bought a potion of invisibility for 120 gold pieces
 17465 | Orc:2    | Bought a potion of invisibility for 120 gold pieces
 17722 | D:15     | Entered Level 15 of the Dungeon
 18241 | D:15     | Found a staircase to the Depths.
 18287 | Depths:1 | Entered Level 1 of the Depths
 18385 | Depths:1 | You are sucked into a shaft and drop 1 floor!
 18452 | Depths:3 | Found a runed translucent door.
 18452 | Depths:3 | Found a runed translucent door.
 18474 | Depths:3 | Found a runed translucent door.
 18486 | Depths:3 | Found a runed translucent door.
 18526 | Depths:3 | Learned a level 1 spell: Apportation
 18587 | Depths:4 | Entered Level 4 of the Depths
 18603 | Depths:4 | Killed from afar by a living spell

Illustrated notes

Levels and vault maps discovered:
D:1:      wander_arrival_estate, layout_basic, minmay_distorted
D:2:      layout_basic, ebering_ecumenical_altar_hall
D:3:      layout_loops_corners, ebering_ghost_inner_flame, uniq_sigmund
D:4:      layout_basic, nicolae_hepliaklqana_hazy_memory,
          minmay_temple_entry_purple_smoke, gup_sewer_entry_spiral,
          serial_shops, nicolae_take_the_stairs, minivault_5,
          kennysheep_generic_room_4
D:5:      layout_rooms, minmay_misc_feat_more_columns, serial_bayou_pond_d,
          kennysheep_generic_room_10
D:6:      layout_cave_pools, gammafunk_ghost_cemetery
D:7:      layout_layer_cave, vehumet_altar_wand_db, dreamdust_mushroom_princess,
          chequers_jeans, mrwooster_statue_mirror
D:8:      layout_layer_cave, chequers_temple_overflow_statue_of_worship,
          moated_statue, minmay_hedge_maze, amcnicky_mini_rare_corridor_liquid,
          uniq_psyche, uniq_gastronok, uniq_amaemon, uniq_erica
D:9:      layout_rooms, gammafunk_temple_overflow_statue,
          okawaru_altar_gauntlet_db, kennysheep_diamond, uniq_prince_ribbit1,
          uniq_grum
D:10:     nicolae_hexawheel, layout_cave_pools, lemuel_round_altar,
          lair_entry_dummy, orc_0_dummy, serial_rivers,
          chequers_serial_rivers_micro_e, chequers_serial_rivers_micro_c,
          chequers_serial_rivers_large_a, chequers_serial_rivers_micro_e,
          chequers_serial_rivers_micro_a
D:11:     layout_roguey, nicolae_two_hexagons, nicolae_tso_carved_into_rock
D:12:     layout_irregular_city, nicolae_wu_jian_wuxing_cycle
D:13:     layout_basic
D:14:     layout_irregular_city, grunt_vaults_entry_tiered,
          nicolae_elemental_shop, uniq_azrael
D:15:     hangedman_depths_entry_try_elsewhere_first, layout_cave_pods,
          nicolae_hexahallways
Temple:   nicolae_temple_ecumenical_triangle
Lair:1:   layout_regular_city, enter_volcano_4
Lair:2:   gammafunk_cloud_chamber, layout_misc_corridors,
          minmay_shoals_entry_centaurs, special_room [special_room_bee],
          beast_lair_carwin_10
Lair:3:   layout_loops_ring, nicolae_spider_entry_non_spiders,
          nicolae_quartered_pool_little, pond
Lair:4:   layout_big_grid, ebering_ghost_xom, beast_lair_carwin_6,
          grunt_megastairs_2, lemuel_fruit_tree
Lair:5:   minmay_lair_end_frog_pond, layout_cave_pods,
          nicolae_slime_entry_slimehenge, serial_bayou_shore_b
Shoals:1: layout_shoals, nicolae_shoals_abyss_on_the_beach
Shoals:2: layout_shoals, nicolae_shoals_this_corrosion, uniq_polyphemus,
          uniq_nikola
Shoals:3: layout_shoals, st_sunken_temple
Shoals:4: shoals_end_hangedman, layout_shoals, ebering_ghost_disaster_area,
          nzn_prometheus_bound
Spider:1: layout_spider_delve, gammafunk_ghost_tricky_traps
Spider:2: lemuel_spider_zombies, portal_ice_cave_entry_dragon
Spider:3: nicolae_spider_mines_3, uniq_kirke
Spider:4: grunt_spider_rune_island, ebering_ghost_xom, uniq_mlioglotl
Slime:1:  layout_caves, nicolae_slime_phagocytosis
Slime:2:  layout_caves
Slime:3:  layout_caves
Slime:4:  layout_caves, dissolution_awaits
Slime:5
Orc:1:    layout_diamond_mine, uniq_nergalle
Orc:2:    kennysheep_orc_mage_school, layout_diamond_mine, basic_altar,
          mines5_lemuel
Elf:1:    layout_geoelf_diagonals, serial_shops, nicolae_shop_crystal,
          minivault_28, grunt_megastairs_4, uniq_donald, uniq_zenata
Elf:2:    nicolae_elf_blades_crystal_corner, layout_geoelf_diagonals,
          nicolae_elf_loose_elemental_storage
Elf:3:    minmay_elf_hall_quartered_circle, layout_geoelf_octagon, serial_shops,
          nicolae_shop_trees, uniq_louise, uniq_roxanne, uniq_asterion
Depths:1: kennysheep_bubble_arena, layout_gridlike, grunt_hell_entry_dis_grunt,
          fedhas_altar_4, serial_bayou_shore_b
Depths:2: nicolae_cairo_tiling_large, layout_basic, rand_demon_pan_entry_8,
          hell_entry, yredelemnul_altar_generic
Depths:3: impenetrable_vault, layout_honeycomb, enter_ziggurat_d,
          pf_coc_iceberg, abyss_entry_glasseish,
          minmay_staircase_windowed_large, uniq_vv
Depths:4: evilmike_zot_entry_gauntlet, layout_cave_pools,
          grunt_pan_entry_in_and_out, abyss_entry, hangedman_tar_grid_catacomb,
          minmay_fountain_box

Skill      XL: |  1  2  3  4  5  6  7  8  9 10 11 12 13 14 15 16 17 18 19 |
---------------+----------------------------------------------------------+-----
Ice Magic      | 4 5 6 7 9 10 | 10.0
Spellcasting   | 2 3 5 6 7 8 11 12 | 12.2
Necromancy     | 2 4 7 10 12 14 16 | 16.2
Evocations     | 3 8 |  8.0
Earth Magic    | 7 8 |  8.0
Fighting       | 6 7 11 12 | 12.0
Short Blades   | 4 |  4.0
Hexes          | 2 4 |  4.0
Armour         | 4 |  4.5
Shields        | 6 9 11 | 11.4
Dodging        | 6 |  6.0
Transmutations | 1 |  1.2
Fire Magic     | 9 14 | 14.3
Stealth        | |  2.1

Action                     |  1- 3 |  4- 6 |  7- 9 | 10-12 | 13-15 | 16-18 | 19-21 || total
---------------------------+-------+-------+-------+-------+-------+-------+-------++-------
  Melee: Unarmed           |    19 |       |       |       |       |       |       ||    19
         Dagger            |    30 |   130 |   115 |   135 |   146 |    70 |    18 ||   644
         Tailslap          |     6 |    14 |    23 |    34 |    29 |    17 |    20 ||   143
         Whip              |     4 |       |       |       |       |       |       ||     4
         Punch             |       |     2 |     2 |     3 |       |       |       ||     7
         Spear             |       |       |    23 |       |       |       |       ||    23
         Staff             |       |       |     7 |    13 |    16 |    22 |    38 ||    96
         Scimitar          |       |       |       |   134 |     1 |     5 |       ||   140
  Throw: Dart              |       |       |       |     7 |       |       |       ||     7
         Throwing net      |       |       |       |     1 |     1 |       |       ||     2
   Cast: Freeze            |    15 |       |       |       |       |       |       ||    15
         Frozen Ramparts   |     3 |     9 |    21 |    46 |    24 |     3 |     2 ||   108
         Ozocubu's Armour  |       |     1 |    11 |    29 |    23 |     7 |       ||    71
         Sublimation of Bl |       |       |    13 |    60 |   120 |   134 |    64 ||   391
         Animate Dead      |       |       |     1 |    17 |    20 |    17 |     7 ||    62
         Borgnjor's Vile C |       |       |       |    62 |   147 |   125 |    77 ||   411
         Death Channel     |       |       |       |       |    37 |    40 |    12 ||    89
         Passwall          |       |       |       |       |     7 |     1 |     2 ||    10
         Anguish           |       |       |       |       |    23 |    17 |     4 ||    44
         Simulacrum        |       |       |       |       |    41 |   105 |    54 ||   200
         Apportation       |       |       |       |       |       |       |     5 ||     5
 Invoke: Unearth Wretches  |       |       |       |     2 |     3 |    21 |     3 ||    29
         Receive Forbidden |       |       |       |     1 |       |       |       ||     1
  Evoke: Wand              |     1 |       |    15 |    14 |    16 |     1 |       ||    47
         Condenser vane    |       |       |       |       |       |     3 |     2 ||     5
    Use: Scroll            |       |       |     5 |     5 |    22 |     8 |     1 ||    41
         Potion            |       |       |     5 |     7 |     7 |     5 |     1 ||    25
   Stab: Sleeping          |     4 |     9 |     5 |       |     2 |     1 |     2 ||    23
         Invisible         |       |     1 |     4 |     1 |       |     1 |       ||     7
         Distracted        |       |       |     1 |       |     1 |     1 |     2 ||     5
         Paralysed         |       |       |       |     3 |     1 |    14 |     1 ||    19
 Armour: Robe              |    42 |    64 |    31 |       |       |       |       ||   137
         Ring mail         |       |       |    57 |   266 |    20 |       |       ||   343
         Troll leather arm |       |       |       |       |   132 |   107 |    34 ||   273
  Dodge: Dodged            |    37 |    70 |    88 |   210 |   137 |    92 |    32 ||   666
  Block: Buckler           |       |       |       |       |    39 |    26 |       ||    65
         Kite shield       |       |       |       |       |       |    69 |    67 ||   136

Table legend: (Time is in decaauts)
 A = Elapsed time spent in this place.
 B = Non-inter-level travel time spent in this place.
 C = Inter-level travel time spent in this place.
 D = Time resting spent in this place.
 E = Time spent auto-exploring this place.
 F = Levels seen in this place.
 G = Mean time per level.
                   A        B        C        D        E       F      G
               +--------+--------+--------+--------+--------+-----+--------+
         Total |  19208 |  15783 |   3425 |    274 |    114 |  46 |  417.6 |
       Dungeon |   8482 |   6898 |   1584 |    112 |    114 |  15 |  565.5 |
        Temple |     49 |     25 |     24 |      0 |      0 |   1 |   49.0 |
          Lair |   2634 |   2128 |    506 |      0 |      0 |   5 |  526.8 |
        Shoals |   1485 |   1359 |    126 |      0 |      0 |   4 |  371.2 |
   Spider Nest |   1563 |   1285 |    278 |      8 |      0 |   4 |  390.8 |
    Slime Pits |    550 |    455 |     95 |      0 |      0 |   5 |  110.0 |
  Orcish Mines |   1564 |    847 |    717 |      0 |      0 |   2 |  782.0 |
   Elven Halls |    910 |    817 |     93 |      0 |      0 |   3 |  303.3 |
        Depths |    313 |    313 |      0 |      0 |      0 |   4 |   78.2 |
         Sewer |    265 |    265 |      0 |      0 |      0 |   1 |  265.0 |
      Ice Cave |    855 |    855 |      0 |      0 |      0 |   1 |  855.0 |
       Volcano |    532 |    532 |      0 |    154 |      0 |   1 |  532.0 |
               +--------+--------+--------+--------+--------+-----+--------+

Top non-repeatable levels by time:
    D:10: 1268 daAuts
   Orc:2: 1058 daAuts
  Lair:5: 877 daAuts
   IceCv: 855 daAuts
     D:9: 743 daAuts
     D:8: 686 daAuts
     D:7: 640 daAuts
    D:14: 632 daAuts
     D:4: 614 daAuts
   Elf:3: 612 daAuts
    D:15: 610 daAuts
Shoals:3: 571 daAuts
  Lair:2: 557 daAuts
 Volcano: 532 daAuts
Spider:1: 507 daAuts
